 Dungeon Crawl Stone Soup version 0.18-a0-211-gcfb53b4 (webtiles) character file.

52 Duffy the Stinger (level 3, 0/33 HPs)
             Began as a Naga Venom Mage on Nov 24, 2015.
             Slain by DEFE's ghost (2 damage)
             ... on level 3 of the Dungeon.
             The game lasted 00:01:58 (1312 turns).

Duffy the Stinger (Naga Venom Mage)                 Turns: 1312, Time: 00:01:58

Health: 0/33       AC:  4    Str: 10    XL:     3   Next: 85%
Magic:  6/6        EV:  5    Int: 15    God:
Gold:   56         SH:  0    Dex: 12    Spells: 1 memorised, 5 levels left

rFire  . . .     SeeInvis +     (no weapon)
rCold  . . .     Clarity  .     a - +0 robe
rNeg   . . .     SustAt   .     (no shield)
rPois  +         Gourm    .     (no helmet)
rElec  .         Spirit   .     (no cloak)
rCorr  .         Warding  .     (no gloves)
rMut   .         Stasis   .     (no barding)
MR     .....                    (no amulet)
Stlth  ++........               (no ring)
                                g - +2 ring of protection

@: very slow, not resistant to hostile enchantments, unstealthy
A: see invisible, deformed body, poison resistance, slowness 2, slow metabolism
1, spit poison 2, AC +1
a: Spit Poison


You were on level 3 of the Dungeon.
You were not hungry.

You visited 1 branch of the dungeon, and saw 3 of its levels.

You collected 56 gold pieces.


Innate Abilities, Weirdness & Mutations

You cannot wear boots.
Your serpentine skin is tough (AC +1).
You have supernaturally acute eyesight.
Armour fits poorly on your strangely shaped body.
Your system is resistant to poisons.
You cover ground very slowly.
You have a slow metabolism.
You can spit poison.


   Skills:
 + Level 2.5 Fighting
 - Level 1.5 Dodging
 - Level 3.0 Stealth
 - Level 2.0 Spellcasting
 - Level 6.0 Poison Magic


You had 5 spell levels left.
You knew the following spells:

 Your Spells              Type           Power        Failure   Level  Hunger
a - Sting                 Conj/Pois      ##..         8%          1    #......

Inventory:

Armour
 a - a +0 robe (worn)
Jewellery
 g - a +2 ring of protection (left hand)
Scrolls
 d - a scroll of teleportation {unknown}
 e - 5 scrolls of identify {unknown}
 i - a scroll of magic mapping {unknown}
 j - a scroll of fear {unknown}
 p - a scroll of random uselessness {unknown}
Potions
 f - a potion of ambrosia {unknown}
 l - a potion of cancellation {unknown}
 m - a potion of flight {unknown}
Books
 b - a Young Poisoner's Handbook
Comestibles
 c - a bread ration
 h - 2 slices of pizza
 k - a beef jerky
 o - 2 fruits

Dungeon Overview and Level Annotations

Branches:
Dungeon (3/15)

Altars:
Xom

Annotations:
D:3 DEFE's ghost, amateur SpFi


Message History

The adder bites you.
You are poisoned.
The adder poisons you!
You feel sick. The adder barely misses you.
You feel sick.
You kill the adder!
Cast which spell? (? or * to list)
You can't see any susceptible monsters within range! (Use Z to cast anyway.)
You feel sick.
You feel sick.
You feel sick.
You feel sick.
You feel sick.
You feel sick.
You are no longer poisoned.
All of the chunks of flesh in your inventory have rotted away.
DEFE's ghost (amateur Spriggan Fighter) comes into view.
DEFE's ghost turns its malevolent gaze towards you.
DEFE's ghost wails.
DEFE's ghost closely misses you. DEFE's ghost closely misses you.
DEFE's ghost hits you. DEFE's ghost completely misses you.
DEFE's ghost closely misses you.
DEFE's ghost whispers, "The ORB doesn't exist."
DEFE's ghost hits you! DEFE's ghost hits you! DEFE's ghost barely misses you.
DEFE's ghost dodges and says, "Too slow!"
DEFE's ghost hits you. DEFE's ghost hits you!
DEFE's ghost hits you but does no damage.
There is a stone staircase leading up here.
DEFE's ghost hits you.
You die...

.....####........................
.....####............############
..........######.........#
..........#........#.....#
..........#........#.....#
..........#........#.....##
..........#.................
..........#.....W...........
..........#.....@...........
..........#.................
#.................
#.................
#.................
#................ ####...........
#..........


You could see DEFE's ghost.

Action                   || total
-------------------------++-------
 Cast: Sting             ||    25
 Abil: Spit Poison       ||    25
  Eat: Chunk             ||     2

Notes
Turn   | Place    | Note
--------------------------------------------------------------
     0 | D:1      | Duffy the Naga Venom Mage began the quest for the Orb.
     0 | D:1      | Reached XP level 1. HP: 15/15 MP: 3/3
   218 | D:1      | Reached XP level 2. HP: 22/22 MP: 5/5
   505 | D:1      | Reached skill level 6 in Poison Magic
   801 | D:2      | Reached skill level 1 in Fighting
   801 | D:2      | Reached XP level 3. HP: 24/31 MP: 2/6
   927 | D:3      | Found a shimmering altar of Xom.
   992 | D:3      | Reached skill level 2 in Fighting
  1288 | D:3      | Noticed DEFE's ghost (amateur SpFi)
  1312 | D:3      | Slain by DEFE's ghost

Vault maps used:
D:1:      minmay_arrival_arboretum_small
D:2:      kennysheep_generic_room_6
D:3:      lemuel_upstairs_altar, lemuel_coloured_pillars_altar, uniq_iyjb

Vanquished Creatures
  A gnoll
  2 adders
  A worm
  A giant cockroach
  3 goblins
  2 hobgoblins
  2 kobolds
  5 bats
  A giant newt
  7 rats
25 creatures vanquished.
